 Dungeon Crawl Stone Soup version 0.21.1-1-g345015fe64 (webtiles) character file.

4633 mrzuul the Basher (level 10, -8/76 HPs)
             Began as a Demonspawn Berserker on Apr 27, 2018.
             Was a High Priest of Trog.
             Engulfed by a cloud of flame (12 damage)
             ... in an ossuary on Apr 28, 2018.
             The game lasted 01:02:10 (8465 turns).

mrzuul the Basher (Demonspawn Berserker)            Turns: 8465, Time: 01:02:10

Health: -8/76      AC: 26    Str: 18    XL:     10   Next: 20%
Magic:  0/10       EV:  6    Int:  9    God:    Trog [*****.]
Gold:   456        SH: 12    Dex: 15    Spells: 9/9 levels left

rFire    + . .     SeeInvis .   p - +1 whip (venom)
rCold    x . .     Gourm    .   o - +2 shield
rNeg     . . .     Faith    .   a - +4 plate armour {MR+}
rPois    +         Spirit   +   (helmet restricted)
rElec    .         Reflect  .   B - +0 cloak
rCorr    .         Harm     .   (no gloves)
MR       +....                  (no boots)
Stlth    ..........             (no amulet)
HPRegen  0.22/turn              j - ring of fire
MPRegen  0.12/turn              h - ring of poison resistance

@: sanguine armour
A: horns 2, nightstalker 1, magic shield, sanguine armour 2
a: Berserk, Trog's Hand, Brothers in Arms, Burn Spellbooks, Renounce Religion


You were in an ossuary.
You worshipped Trog.
Trog was extremely pleased with you.
You were not hungry.

You visited 1 branch of the dungeon, and saw 8 of its levels.
You also visited: Ossuary.

You collected 456 gold pieces.

Inventory:

Hand Weapons
 p - a +1 whip of venom (weapon)
 q - a +2 dire flail of crushing
 w - a +2 flail of holy wrath
Armour
 a - a +4 plate armour of magic resistance (worn)
 k - a +1 ring mail
 o - a +2 shield (worn)
 z - a +1 chain mail of magic resistance
 B - a +0 cloak (worn)
Jewellery
 h - a ring of poison resistance (right hand)
 i - a cursed amulet of inaccuracy
 j - a ring of fire (left hand)
 C - an uncursed ring of magical power
 E - an uncursed ring of positive energy {unknown}
Wands
 G - a wand of enslavement (14)
Scrolls
 f - a scroll of vulnerability {unknown}
 l - 2 scrolls of remove curse
 m - 4 scrolls of amnesia
 n - a scroll of blinking
 s - 2 scrolls of magic mapping
 v - 2 scrolls of teleportation
 y - a scroll of noise
Potions
 b - 2 potions of lignification {unknown}
 d - 2 potions of ambrosia {unknown}
 e - 2 potions of brilliance {unknown}
 g - 5 potions of degeneration {unknown}
 r - a potion of might
 t - a potion of heal wounds {unknown}
 u - a potion of flight {unknown}
 A - a potion of curing {unknown}
Comestibles
 c - 4 rations
 x - 7 chunks of flesh


   Skills:
 + Level 6.2 Fighting
 + Level 8.4 Maces & Flails
 + Level 5.7 Armour
 + Level 4.9 Dodging
 + Level 2.7 Stealth
 + Level 6.3 Shields


You had 9 spell levels left.
You didn't know any spells.

Dungeon Overview and Level Annotations

Branches:
Dungeon (8/15)             Temple (0/1) D:6
   Lair: D:8-11

Altars:
Ashenzari
Cheibriados
Dithmenos
Elyvilon
Gozag
Kikubaaqudgha
Makhleb
Nemelex Xobeh
Okawaru
Qazlal
Sif Muna
Vehumet
Wu Jian
Zin

Shops:
D:7 **

Annotations:
D:6 1 runed door


Innate Abilities, Weirdness & Mutations

You have a pair of horns on your head.
You are slightly more attuned to the shadows.
When hurt, damage is shared between your health and your magic reserves.
When seriously injured, your bleeding wounds create thick armour. (AC +9)


Message History

The fiery explosion engulfs you! You resist.
Your blood congeals into armour.
Trog accepts your kill. The fiery explosion engulfs you! You resist.
* * * LOW HITPOINT WARNING * * *
Trog accepts your kill. x4
The fiery explosion engulfs the gnoll zombie.
The gnoll zombie explodes!
The fiery explosion engulfs the adder zombie.
The adder zombie explodes!
The fiery explosion engulfs you! You resist.
* * * LOW HITPOINT WARNING * * *
Trog accepts your kill. The fiery explosion engulfs you! You resist.
* * * LOW HITPOINT WARNING * * *
Trog accepts your kill. x3
The fiery explosion engulfs you! You resist.
* * * LOW HITPOINT WARNING * * *
Trog accepts your kill.
You are engulfed in blazing flames.
You resist.
You die...

..............#
..............##
................
................
.......§§§§§....
......§§§§§§....
Z.....∩§§@§§....
......§§§§§§....
.......§§§§§....
........§§§.....
..............##
..............#
...............


There were no monsters in sight!

Vanquished Creatures
  The ghost of drd the Insei, a novice OpTm of Hepliaklqana (D:8)
  Eustachio (D:4)
  A hungry ghost (D:8)
  Edmund (D:6)
  A water moccasin (D:8)
  A sky beast (D:7)
  3 orc warriors (D:6)
  A black bear (D:8)
  An ice beast (D:6)
  3 ogres
  A phantom (D:8)
  A centaur (D:8)
  5 bullfrogs
  4 scorpions
  4 killer bees (D:8)
  10 wights
  4 crimson imps
  A bullfrog zombie (D:5)
  2 howler monkeys
  A centaur zombie (D:7)
  4 orc priests
  A centaur skeleton (D:7)
  4 hounds
  A gnoll shaman (D:4)
  17 orc wizards
  Natasha (thrice) (D:2)
  5 worker ants
  A killer bee zombie (D:8)
  A big kobold zombie (Ossuary)
  A worker ant zombie (D:6)
  9 gnolls
  9 adders
  3 adder zombies (Ossuary)
  An adder skeleton (D:6)
  2 worms (D:2)
  2 dart slugs
  7 leopard geckos
  47 orcs
  4 ball pythons
  5 bats
  3 giant cockroaches
  2 gnoll zombies (Ossuary)
  7 goblins
  10 hobgoblins
  8 jackals
  3 quokkas
  2 ball python skeletons
  5 frilled lizards
  2 goblin zombies (Ossuary)
  A jackal skeleton (D:4)
  8 kobolds
  2 kobold zombies (Ossuary)
  A leopard gecko skeleton (D:5)
  An orc zombie (Ossuary)
  7 rats
  A rat zombie (Ossuary)
237 creatures vanquished.

Notes
Turn   | Place    | Note
-------+----------+-------------------------------------------
     0 | D:1      | mrzuul the Demonspawn Berserker began the quest for the Orb.
     0 | D:1      | Reached XP level 1. HP: 18/18 MP: 1/1
   275 | D:1      | Gained mutation: When seriously injured, your bleeding wounds create armour. (AC +9) [demonic ancestry]
   275 | D:1      | Reached XP level 2. HP: 21/24 MP: 2/2
   351 | D:1      | Reached skill level 3 in Maces & Flails
   555 | D:1      | Found a sparkling altar of Nemelex Xobeh.
   984 | D:2      | Gained mutation: When seriously injured, your bleeding wounds create thick armour. (AC +9) [demonic ancestry]
   984 | D:2      | Reached XP level 3. HP: 16/29 MP: 3/3
  1340 | D:2      | Noticed Natasha
  1345 | D:2      | Killed Natasha
  1345 | D:2      | Reached XP level 4. HP: 30/37 MP: 4/4
  1410 | D:2      | Found a deep blue altar of Sif Muna.
  1427 | D:2      | Noticed Natasha
  1447 | D:2      | Reached ** piety under Trog
  1451 | D:2      | Killed Natasha
  1451 | D:2      | Reached skill level 4 in Maces & Flails
  1481 | D:2      | Noticed Natasha
  1507 | D:2      | Killed Natasha
  1972 | D:2      | Reached XP level 5. HP: 36/42 MP: 5/5
  3169 | D:4      | Found an ornate altar of the Wu Jian Council.
  3172 | D:4      | Found a stormy altar of Qazlal.
  3323 | D:4      | Gained mutation: You have a pair of small horns on your head. [demonic ancestry]
  3323 | D:4      | Reached XP level 6. HP: 47/48 MP: 6/6
  3484 | D:4      | Reached skill level 1 in Shields
  3557 | D:4      | Reached skill level 5 in Maces & Flails
  3778 | D:4      | Noticed Eustachio
  3781 | D:4      | Reached *** piety under Trog
  3915 | D:4      | Killed Eustachio
  3915 | D:4      | Gained mutation: You are slightly more attuned to the shadows. [demonic ancestry]
  3915 | D:4      | Reached XP level 7. HP: 23/55 MP: 7/7
  4402 | D:5      | Entered Level 5 of the Dungeon
  4495 | D:5      | Reached skill level 1 in Stealth
  4624 | D:5      | Found an ancient bone altar of Kikubaaqudgha.
  5017 | D:5      | Gained mutation: When hurt, damage is shared between your health and your magic reserves. [demonic ancestry]
  5017 | D:5      | Reached XP level 8. HP: 54/61 MP: 8/8
  5347 | D:6      | Found a staircase to the Ecumenical Temple.
  5396 | D:6      | Reached skill level 6 in Maces & Flails
  5397 | D:6      | Found a radiant altar of Vehumet.
  5551 | D:6      | Found a burning altar of Makhleb.
  5613 | D:6      | Found a white marble altar of Elyvilon.
  5613 | D:6      | Found a runed door.
  5613 | D:6      | Noticed an angel
  5649 | D:6      | Reached skill level 5 in Fighting
  5768 | D:6      | Noticed Edmund
  5784 | D:6      | Killed Edmund
  6199 | D:6      | Reached **** piety under Trog
  6199 | D:6      | Reached XP level 9. HP: 68/68 MP: 9/9
  6205 | D:6      | Reached skill level 7 in Maces & Flails
  6598 | D:6      | Reached skill level 5 in Shields
  6805 | D:6      | Found an iron altar of Okawaru.
  6961 | D:7      | Found a shattered altar of Ashenzari.
  7176 | D:7      | Found Goid's General Store.
  7176 | D:7      | Found a shadowy altar of Dithmenos.
  7280 | D:7      | Found an iron altar of Okawaru.
  7500 | D:7      | Found a snail-covered altar of Cheibriados.
  7814 | D:7      | Found an opulent altar of Gozag.
  7814 | D:7      | Found Gozag's Platinum Reserve.
  7964 | D:8      | Noticed drd's ghost (novice OpTm)
  7985 | D:8      | Killed drd's ghost
  7985 | D:8      | Reached skill level 8 in Maces & Flails
  7985 | D:8      | Reached skill level 5 in Armour
  7990 | D:8      | Reached ***** piety under Trog
  8006 | D:8      | Found a glowing silver altar of Zin.
  8103 | D:8      | Gained mutation: You have a pair of horns on your head. [demonic ancestry]
  8103 | D:8      | Reached XP level 10. HP: 76/76 MP: 8/10
  8222 | D:8      | Found a sparkling altar of Nemelex Xobeh.
  8408 | D:8      | Found a sand-covered staircase.
  8447 | Ossuary  | Entered an ossuary
  8465 | Ossuary  | Engulfed by a cloud of flame

Skill      XL: |  1  2  3  4  5  6  7  8  9 |
---------------+----------------------------+-----
Maces & Flails | 3 4 5 6 8 |  8.4
Dodging        | 2 3 4 |  4.9
Fighting       | 4 5 6 |  6.2
Armour         | 2 3 4 5 |  5.7
Shields        | 2 3 4 6 |  6.3
Stealth        | 1 2 |  2.7

Action                   |  1- 3 |  4- 6 |  7- 9 | 10-12 || total
-------------------------+-------+-------+-------+-------++-------
Melee: Mace              |    65 |   103 |       |       ||   168
       Whip              |       |   223 |   579 |    79 ||   881
       Headbutt          |       |    27 |   158 |    23 ||   208
Invok: Berserk           |     1 |     4 |     3 |     1 ||     9
       Trog's Hand       |       |     5 |     7 |     1 ||    13
       Burn Spellbooks   |       |       |     2 |       ||     2
  Use: Scroll            |       |     8 |    18 |     3 ||    29
 Stab: Sleeping          |       |       |     6 |       ||     6
  Eat: Chunk             |     2 |     4 |    12 |     1 ||    19
       Ration            |       |     3 |     4 |       ||     7
Armor: Animal skin       |    21 |    43 |       |       ||    64
       Ring mail         |       |    89 |    66 |       ||   155
       Plate armour      |       |       |    52 |    63 ||   115
Dodge: Dodged            |    54 |   202 |   146 |    27 ||   429
Block: Shield            |       |   145 |   249 |    58 ||   452
